AoeStats
← 123

African Clearing

505653979Analyzed
3v3 RM · 23d ago on Sep 10, 2026· 25m 5s· 6 players
Game mode
Random Map
Map size
Normal (6 player)
Population
200
Speed
Normal
Resources
Standard
Victory
Conquest
Starting age
Dark Age
Ending age
Imperial Age
RankedLock teamsTeams togetherTeam positionsShared explorationLock speedFull tech treeHidden civsTurbo modeCheats
Victory
Defeat
🇭🇰 Vietnamese · Hong Kong SAR China
1545
+6
🇭🇰 Magyars · Hong Kong SAR China
1469
+8
🇭🇰 Italians · Hong Kong SAR China
1000
+91
🇸🇪 Celts · Sweden
1264
-14
🇪🇨 Tatars · Ecuador
1255
-12
🇷🇺 Mongols · Russia
1252
-12
Wolfie
7:02 Loom
13:37 Feudal Age
13:38 Man-at-Arms
16:58 Double-Bit Axe
20:21 Horse Collar
25:33 Castle Age
(o ‿ o)
13:28 Feudal Age
17:37 Castle Age
15:49 Horse Collar
16:35 Double-Bit Axe
17:51 Fletching
18:18 Padded Archer Armor
18:37 Bow Saw
19:08 Loom
123
5:09 Loom
11:51 Feudal Age
13:02 Double-Bit Axe
20:10 Castle Age
19:40 Fletching
19:45 Gold Mining
20:27 Padded Archer Armor
21:56 Bodkin Arrow
牛油果
10:15 Loom
12:45 Feudal Age
14:29 Double-Bit Axe
17:34 Castle Age
15:42 Gold Mining
17:43 Fletching
19:03 Bow Saw
21:58 Horse Collar
23:08 Bodkin Arrow
25:36 Wheelbarrow
馬仔
3:30 Loom
13:21 Feudal Age
18:47 Castle Age
17:52 Stone Mining
18:21 Fletching
迷途小書童
4:15 Loom
15:37 Feudal Age
17:32 Scale Barding Armor
20:03 Castle Age
20:16 Castle Age
18:31 Double-Bit Axe
18:27 Horse Collar
21:53 Husbandry
22:03 Bloodlines
25:18 Wheelbarrow
Connection lost

Rejoining the realm…

Still unreachable

The connection could not be restored.

Session expired

The server has moved on; the page needs a fresh start.